Kenshiro, lawful male human Monk ------- |.....| |.....| -------------------------------- |......## |.....................)........| |.<...| # #..------+--------------Y.----- + |.....| ### ###|.| +..+ |......## # # |.| |@.| -+----- # ##### |.- |@.| ##` # |. |)-- ##`# |.- |@| |.| |. |.| -.| |.| .| |.| --- |.| .| |.- |. --- Kenshiro the Novice Experience level: 5 Strength: 18/04 Dexterity: 14 Constitution: 10 Intelligence: 8 Wisdom: 13 Charisma: 9 Health: 0(45) Energy: 15(20) Def: 6 Gold: 175 Moves: 1401 Dungeon seed: dC_3dwd79oTMudMb Game ID: Kenshiro_1566323851 Your Inventory: Coins $ - 175 gold pieces Weapons j - a +0 long sword Armor e - an uncursed +2 pair of leather gloves (being worn) n - a blessed +1 robe (being worn) Comestibles d - 2 uncursed food rations f - 5 uncursed apples g - 7 uncursed oranges h - 3 uncursed fortune cookies t - an uncursed partly eaten food ration Scrolls s - an uncursed scroll of food detection Spellbooks a - a blessed spellbook of healing Potions c - 3 uncursed potions of healing r - an uncursed potion of see invisible Wands i - a wand of opening (0:3) Tools k - an uncursed bell l - an uncursed tin opener p - an uncursed brass lantern (lit) (0:712) q - an uncursed lock pick Spells and supernatural/magical abilities: Name Level Category Fail Memory h - healing 1 healing 0% 93% W - pray for help -- divine ? -- Your skills at the end: Fighting Skills martial arts [Basic] Weapon Skills Spellcasting Skills healing spells [Basic] Final Attributes: You were stridently aligned. You were sleep resistant. You were poison resistant. You saw invisible. You were stealthy. You were fast. You were unlucky. You are dead. Vanquished creatures: a watchman 4 gnome lords 2 gnomish wizards a rabid rat a large kobold a cave spider a red mold 17 gnomes 6 jackals a goblin 2 sewer rats 7 grid bugs a lichen a kobold zombie 2 newts 48 creatures vanquished. Voluntary challenges: You followed a strict vegan diet. You were an atheist. You never hit with a wielded weapon. You were illiterate. You never genocided any monsters. You never polymorphed an object. You never changed form. You used no wishes. You never split a pudding. You never wrote Elbereth's name. You violated your moral code, losing 15 points of alignment, starting on turn 1388. Dungeon overview: The Dungeons of Doom: levels 1 to 3 Level 1 some fountains a long staircase Level 2 Level 3 a jewelry store, a sink stairs to The Gnomish Mines The Gnomish Mines: levels 4 to 7 Level 4 stairs to The Dungeons of Doom Level 5 Level 6 Level 7 <- You were here History has recorded: On T:1 you entered the Dungeons of Doom to retrieve the Amulet of Yendor! On T:255 you reached level 2 of The Dungeons of Doom. On T:523 you reached level 3 of The Dungeons of Doom. On T:649 you advanced to experience level 2. On T:763 you reached level 1 of The Gnomish Mines. On T:933 you reached level 2 of The Gnomish Mines. On T:984 you advanced to experience level 3. On T:999 you advanced to experience level 4. On T:1069 you reached level 3 of The Gnomish Mines. On T:1075 you advanced to experience level 5. On T:1339 you reached level 4 of The Gnomish Mines. Score breakdown: Gold: 175 ( 7638 points) Experience: 5 levels (11141 points) Exploration: 7 levels ( 14.29%) (10606 points) Discoveries: 0 items ( 0.00%) ( 0 points) Valuables value: (no points given unless you survive) Artifact value: 0 ( 0 points) Variety of kills: 15 monsters ( 3.94%) ( 5952 points) Turncount: 1401 turns ( 0 points) Survival: died (score multiplied by 80%) Total score: 28269 Latest messages: You are almost hit by a spear. You hit the gnomish wizard! The watchman wields a short sword! The short sword welds itself to the watchman's hand! The gnomish wizard points at you, then curses. You miss the gnomish wizard. You kill the gnomish wizard! You miss the watchman. The watchman thrusts her short sword. The watchman hits! The monkey hits! The monkey stole an uncursed scroll of scare monster. The monkey tries to run away with your scroll of scare monster. You hit the watchman. You miss the watchman. You hit the watchman! The watchman thrusts her short sword. The watchman hits! You hit the watchman! The watchman thrusts her short sword. The watchman hits! You die... Final status: Goodbye Kenshiro the Monk, killed by a watchman... You died in The Gnomish Mines on dungeon level 7 with 28269 points, and 175 pieces of gold, after 1401 moves. You were level 5 with a maximum of 45 hit points when you died.